 Dungeon Crawl Stone Soup version 0.32-a0-834-geaf45d8e21 (webtiles) character file.

Game seed: 15923294416465291329

90 AstroCodex24 the Trooper (level 4, 0/35 HPs)
             Began as a Vampire Fighter on Mar 26, 2024.
             Was an Initiate of Okawaru.
             Slain by a hound (1 damage)
             ... on level 5 of the Dungeon.
             The game lasted 00:04:13 (809 turns).

AstroCodex24 the Trooper (Vampire Fighter)           Turns: 809, Time: 00:04:17

Health: 0/35       AC:  6    Str: 17    XL:     4   Next: 32%
Magic:  4/4        EV:  8    Int: 10    God:    Okawaru [......]
Gold:   85         SH:  4    Dex: 13    Spells: 3/3 levels left

rFire   . . .        a - +0 war axe
rCold   . . .        c - +0 buckler
rNeg    . . .        b - +0 scale mail
rPois   .            (no helmet)
rElec   .            (no cloak)
rCorr   .            (no gloves)
SInv    +            (no boots)
Will    .....        (no amulet) Stlth
                     (no ring)
HPRegen 0.45/turn    (no ring)
MPRegen 0.09/turn

%: no passive effects
@: lethally poisoned (0 -> -1), healing quickly
A: alive, fangs 3, see invisible, vampiric 2
a: Exsanguinate, Renounce Religion


You were on level 5 of the Dungeon.
You worshipped Okawaru.
Okawaru was noncommittal.
You visited 1 branch of the dungeon, and saw 5 of its levels.

You collected 85 gold pieces.

Inventory:

Hand Weapons
 a - a +0 war axe (weapon)
Armour
 b - a +0 scale mail (worn)
 c - a +0 buckler (worn)
Scrolls
 f - a scroll of identify {unknown}


   Skills:
 + Level 3.2 Fighting
 + Level 2.7 Axes
 + Level 2.9 Armour
 + Level 0.7 Dodging
 + Level 3.1 Shields


You had 3 spell levels left.
You didn't know any spells.
Your spell library was empty.

Dungeon Overview and Level Annotations

Branches:
Dungeon (5/15)
 Temple: D:4-7

Altars:
Okawaru


Innate Abilities, Weirdness & Mutations

Your natural rate of healing is accelerated.
You have razor-sharp teeth.
You have supernaturally acute eyesight. (SInv)
You are afflicted with vampirism and can become a bat while bloodless.


Message History

You block the adder's attack. The hound bites you.
You block the hound's attack. The adder bites you.
You are poisoned.
The adder poisons you!
You barely miss the adder. Your bite misses the adder.
The adder is moderately wounded.
You closely miss the hound.
You feel very sick. The hound bites you.
* * * LOW HITPOINT WARNING * * *
The adder bites you but does no damage. The hound barely misses you.
You feel very mighty all of a sudden.
You feel sick. The adder barely misses you. You block the hound's attack.
You block the adder's attack.
You hit the adder.
The adder is almost dead.
You hit the adder. You hit the hound.
You feel sick. The adder bites you.
* * * LOW HITPOINT WARNING * * *
The hound bites you.
* * * LOW HITPOINT WARNING * * *
The adder bites you but does no damage. x2
The hound bites you but does no damage.
You closely miss the adder.
The adder is almost dead.
You completely miss the hound. You slash the adder!
You kill the adder!
Okawaru accepts your kill.
You feel sick.
The hound stops to sniff the ground.
The hound bites you.
* * * LOW HITPOINT WARNING * * *
The adder closely misses you. The hound bites you but does no damage.
The adder barely misses you.
It was a potion of cancellation.
Your magical effects are unravelling.
You feel magically purged.
You feel a little less mighty now.
* * * LOW HITPOINT WARNING * * *
You feel sick. The hound bites you.
You die...

........... #
......... .#.
#.......#....
#.......#....
#...........
.....!.....
#.h.......
###.@S..)..?
#....#.....#
#....#.....#
##.........#
##.........
#.<.##.....
##...#.....
#.........
##..##....


You could see a hound and an adder.

Vanquished Creatures
  An orc priest (D:3)
  An iguana (D:5)
  An adder (D:5)
  A ribbon worm (D:4)
  3 orcs (D:3)
  2 endoplasms
  A giant cockroach (D:3)
  2 hobgoblins
  5 bats
  3 frilled lizards
  A goblin (D:3)
  A kobold (D:3)
  A rat (D:2)
23 creatures vanquished.

Notes
Turn   | Place    | Note
-------+----------+-------------------------------------------
     0 | D:1      | AstroCodex24 the Vampire Fighter began the quest for the
                  | Orb.
     0 | D:1      | Reached XP level 1. HP: 17/17 MP: 1/1
    45 | D:1      | Found a faded altar of an unknown god.
   159 | D:2      | Reached XP level 2. HP: 17/23 MP: 2/2
   217 | D:3      | Gained mutation: You are afflicted with vampirism and can
                  | become a bat while bloodless. [Vampire growth]
   217 | D:3      | Reached XP level 3. HP: 5/29 MP: 3/3
   389 | D:3      | Found an iron altar of Okawaru.
   410 | D:3      | Became a worshipper of Warmaster Okawaru
   788 | D:5      | Entered Level 5 of the Dungeon
   795 | D:5      | Reached XP level 4. HP: 26/35 MP: 4/4
   808 | D:5      | HP: 1/35 [hound (3)]
   809 | D:5      | Slain by a hound

Illustrated notes

Levels and vault maps discovered:
D:1:      scummos_arrival_hexagon, layout_rooms, ebering_ecumenical_altar_webs,
          amethyst_killhole
D:2:      layout_loops_ring
D:3:      kb_forest_paths, layout_basic, okawaru_gym_becter
D:4:      layout_layer_cave
D:5:      layout_cave_pools, mainiacjoe_overflow_catwalk,
          nemelex_dance_club_becter, hangedman_decor_riveting, minivault_5,
          minmay_lizard_king

Skill      XL: |  1  2 |
---------------+-------+-----
Fighting       | 3 |  3.2
Axes           | 2 |  2.7
Shields        | 3 |  3.1
Armour         | |  2.9
Dodging        | |  0.7

Action                     |  1- 3 |  4- 6 || total
---------------------------+-------+-------++-------
  Melee: War axe           |    54 |    10 ||    64
         Bite              |     6 |     1 ||     7
    Use: Potion            |       |     2 ||     2
 Armour: Scale mail        |    56 |    25 ||    81
  Dodge: Dodged            |    39 |    10 ||    49
  Block: Buckler           |    15 |     8 ||    23

Table legend: (Time is in decaauts)
 A = Elapsed time spent in this place.
 B = Non-inter-level travel time spent in this place.
 C = Inter-level travel time spent in this place.
 D = Time resting spent in this place.
 E = Time spent auto-exploring this place.
 F = Levels seen in this place.
 G = Mean time per level.
                   A        B        C        D        E       F      G
               +--------+--------+--------+--------+--------+-----+--------+
         Total |    836 |    685 |    151 |      0 |      0 |   5 |  167.2 |
       Dungeon |    836 |    685 |    151 |      0 |      0 |   5 |  167.2 |
               +--------+--------+--------+--------+--------+-----+--------+

Top non-repeatable levels by time:
     D:3: 545 daAuts
     D:1: 127 daAuts
     D:2: 78 daAuts
     D:4: 59 daAuts
     D:5: 25 daAuts
